Map: New Repugnancy LE

Players

Order - Winner!

  • Race: Protoss Protoss
  • League: Silver
  • Spawn Location: 1:00

qterfragrant

  • Race: Terran Terran
  • League: Silver
  • Spawn Location: 7:00

VOD

Have the link to the VOD?

Description

Time

  • Played on: April 23, 2019, 8:36 p.m.
  • Length: 21:41
Show
View Real Time Build Order
Export as new Build Order

Order Protoss - Winner!

Build Orders:  

Get SALT Encoding   

  12  0:26  Pylon  
  12  0:30  Probe  
  13  0:38  Probe  
  14  0:45  Gateway  
  14  1:01  Forge  
  14  1:11  Pylon  
  14  1:49  Photon Cannon  
  14  1:55  Cybernetics Core  
  14  2:02  Assimilator  
  14  2:03  Probe  
  14  2:07  Assimilator  
  15  2:11  Probe  
  16  2:19  Pylon  
  16  2:20  Probe  
  17  2:32  Probe  
  18  2:45  Probe  
  19  3:05  Stargate  
  19  3:41  Stargate  
  19  3:51  Pylon  
  19  3:59  Nexus  
  19  4:16  Probe  
  19  4:17  Void Ray  
  19  4:18  Void Ray  
  20  4:24  Probe  
  29  4:32  Probe  
  30  4:44  Probe  
  31  5:16  Probe  
  32  5:24  Probe  
  33  5:28  Void Ray  
  33  5:29  Void Ray  
  33  5:32  Probe  
  42  5:44  Probe  
  43  5:56  Probe  
  36  6:46  Cybernetics Core  
  36  7:00  Protoss Air Weapons Level 1  
  36  7:03  Protoss Shields Level 1  
  32  7:13  Void Ray  
  32  7:14  Void Ray  
  36  7:31  Assimilator  
  36  7:35  Probe  
  36  7:38  Assimilator  
  36  7:44  Probe, Void Ray  
  37  7:45  Void Ray  
  38  7:52  Probe  
  43  8:04  Probe  
  48  8:16  Probe  
  49  8:38  Probe, Protoss Air Armor Level 1  
  50  8:46  Probe  
  50  8:55  Probe  
  52  9:07  Probe  
  53  9:19  Probe  
  38  9:51  Fleet Beacon  
  38  10:20  Stargate  
  38  10:23  Void Ray x2  
  38  10:25  Nexus  
  38  10:26  Probe  
  47  10:38  Probe  
  48  10:50  Probe  
  49  11:03  Probe  
  49  11:04  Protoss Air Weapons Level 2  
  50  11:06  Void Ray  
  54  11:29  Pylon  
  54  11:30  Pylon  
  54  11:31  Pylon  
  54  11:32  Pylon  
  54  11:33  Pylon  
  54  11:35  Pylon  
  54  11:36  Probe, Void Ray  
  59  11:48  Void Ray  
  63  11:58  Probe  
  63  12:06  Probe  
  64  12:10  Assimilator  
  64  12:15  Assimilator  
  65  12:18  Probe  
  65  12:19  Void Ray  
  70  12:24  Tempest  
  75  12:30  Probe  
  75  12:31  Void Ray  
  80  12:42  Probe  
  81  13:02  Tempest, Carrier  
  92  13:15  Carrier  
  98  13:32  Probe  
  99  13:44  Protoss Air Armor Level 2, Probe  
  99  13:45  Oracle  
  99  14:07  Protoss Air Weapons Level 3  
  99  14:33  Void Ray  
  99  14:34  Void Ray x2  
  111  15:14  Void Ray  
  111  15:18  Pylon  
  111  15:20  Pylon  
  115  15:22  Pylon  
  115  15:24  Pylon  
  115  15:26  Pylon, Void Ray  
  115  15:29  Pylon  
  115  15:30  Pylon  
  115  15:31  Pylon  
  115  15:36  Void Ray  
  123  15:48  Void Ray  
  123  15:57  Mothership  
  131  15:59  Void Ray  
  135  16:09  Void Ray  
  139  16:22  Void Ray  
  143  16:32  Void Ray  
  151  16:52  Void Ray  
  155  17:04  Void Ray  
  155  17:05  Void Ray  
  163  17:34  Void Ray  
  167  17:48  Void Ray  
  135  18:57  Void Ray x2  
  135  18:58  Void Ray  
  147  19:40  Void Ray x3  
  143  20:23  Void Ray x3  
Show
View Real Time Build Order
Export as new Build Order

qterfragrant Terran 

Build Orders:  

Get SALT Encoding   

  12  0:01  SCV  
  13  0:24  Supply Depot  
  13  0:26  SCV  
  14  0:50  Barracks  
  14  1:03  Supply Depot  
  14  1:06  SCV  
  15  1:18  SCV  
  16  1:40  Orbital Command  
  16  1:45  Command Center  
  16  1:56  Supply Depot  
  16  2:00  Marine  
  17  2:08  SCV  
  18  2:17  Marine  
  18  2:20  SCV  
  20  2:30  Supply Depot  
  20  2:32  SCV  
  20  2:35  Marine  
  22  2:44  SCV  
  23  2:53  Marine  
  23  2:56  SCV  
  25  2:59  Supply Depot  
  25  3:04  Orbital Command  
  25  3:11  SCV  
  26  3:13  Marine  
  27  3:23  SCV  
  28  3:29  Engineering Bay  
  28  3:31  Marine  
  29  3:41  Barracks  
  29  3:44  SCV x2  
  31  3:48  Marine  
  31  3:55  Refinery  
  32  3:56  SCV x2  
  34  4:06  Marine  
  34  4:08  SCV  
  36  4:11  SCV  
  37  4:20  SCV  
  37  4:21  Supply Depot  
  37  4:23  SCV  
  39  4:26  Marine  
  40  4:32  SCV  
  40  4:36  SCV  
  42  4:40  Marine  
  42  4:44  Supply Depot, Marine, SCV  
  45  4:48  SCV  
  46  4:55  Missile Turret  
  46  4:58  Marine  
  47  5:02  Marine  
  47  5:06  Supply Depot  
  48  5:10  SCV x2  
  50  5:16  Marine  
  50  5:19  Marine  
  52  5:22  SCV x2  
  52  5:24  Barracks  
  52  5:26  Barracks  
  54  5:34  Marine, SCV  
  56  5:37  Marine  
  56  5:42  SCV  
  58  5:46  SCV  
  59  5:51  Marine  
  59  5:54  SCV  
  59  5:55  Marine  
  62  5:58  Missile Turret  
  57  6:32  Marine x2  
  59  6:37  SCV x2  
  61  6:49  SCV x2  
  61  6:50  Marine x2  
  61  6:51  Missile Turret  
  56  7:08  Engineering Bay  
  51  7:22  Missile Turret  
  51  7:30  Marine  
  51  7:31  Marine x3  
  55  7:47  Bunker  
  55  7:48  Marine  
  55  7:49  Marine x3  
  59  8:06  Marine  
  60  8:19  Command Center  
  60  8:22  Marine  
  60  8:23  Marine x2  
  60  8:24  Marine, SCV  
  60  8:25  SCV  
  66  8:36  SCV  
  66  8:37  SCV  
  66  8:40  Marine x2  
  66  8:41  Marine  
  71  8:42  Marine  
  72  8:48  SCV  
  72  8:49  SCV  
  74  8:58  Marine x2  
  74  9:00  SCV  
  74  9:01  SCV  
  78  9:10  Missile Turret  
  60  9:24  Marine  
  60  9:25  Marine x3  
  57  9:42  Marine  
  57  9:43  Marine x3  
  61  9:52  Missile Turret  
  61  10:00  Marine  
  61  10:01  Marine x3  
  65  10:17  Missile Turret  
  65  10:18  Marine x2  
  65  10:19  Marine x2  
  69  10:24  Barracks  
  69  10:27  Barracks  
  69  10:28  SCV  
  69  10:29  SCV x2  
  69  10:30  Barracks  
  72  10:36  Marine x4  
  72  10:40  Supply Depot, SCV  
  72  10:41  SCV x2  
  79  10:46  Supply Depot  
  79  10:48  Supply Depot x2  
  79  10:53  SCV x3  
  79  10:54  Marine x4, Missile Turret  
  79  10:57  Missile Turret  
  86  11:10  Engineering Bay  
  86  11:11  Marine  
  86  11:16  Marine x2  
  86  11:17  Marine x4  
  93  11:19  SCV x3  
  96  11:29  Marine  
  96  11:31  SCV x2  
  96  11:32  SCV  
  100  11:34  Marine x4  
  100  11:35  Marine x2  
  100  11:37  Refinery  
  106  11:43  SCV x2  
  106  11:44  SCV  
  109  11:47  Marine  
  109  11:52  Marine x6  
  116  12:05  Marine  
  117  12:09  Marine  
  117  12:10  Marine  
  119  12:26  Bunker  
  119  12:31  Marine x3  
  119  12:32  Marine x4  
  126  12:49  Marine x5  
  126  12:50  Marine x2  
  133  12:53  Bunker  
  133  13:07  Marine x6  
  139  13:14  Marine  
  140  13:24  Marine  
  141  13:28  Supply Depot x2  
  141  13:32  Supply Depot  
  141  13:34  Supply Depot, Marine x6  
  141  13:35  Supply Depot  
  147  13:42  Marine  
  148  13:52  Marine x6  
  144  14:00  Marine, Missile Turret  
  123  14:05  Missile Turret x2  
  108  14:10  Marine  
  108  14:13  Marine x3  
  108  14:14  Marine x2  
  114  14:18  Marine  
  115  14:28  Marine  
  115  14:31  Marine x5  
  117  14:32  Barracks  
  117  14:34  Barracks  
  117  14:36  Marine  
  117  14:37  Barracks  
  122  14:39  Barracks  
  122  14:45  SCV x3  
  125  14:46  Marine  
  125  14:48  Marine  
  125  14:49  Marine x4  
  131  14:53  Marine  
  131  14:57  SCV x3  
  135  15:03  Marine  
  135  15:06  Marine  
  137  15:07  Marine x2, Reaper  
  137  15:09  SCV  
  141  15:26  Marine  
  141  15:27  Marine x9  
  151  15:39  Marine, SCV  
  153  15:44  Marine  
  153  15:45  Marine x9  
  163  15:57  Marine  
  163  16:02  Marine x3  
  163  16:03  Marine x7  
  174  16:15  Marine  
  175  16:20  Marine x4  
  179  16:36  Terran Infantry Armor Level 1  
  179  16:37  Terran Infantry Weapons Level 1  
  179  16:44  Barracks Tech Lab  
  179  16:48  Marine x5  
  179  16:49  Marine x5  
  189  17:53  SCV  
  189  18:07  Marine x5  
  189  18:08  Marine x5, SCV x2  
  189  18:09  Marine  
  114  18:20  SCV x2  
  114  18:24  Supply Depot, Marine  
  114  18:25  Marine x6  
  114  18:26  Marine x3  
  114  18:27  Marine  
  103  18:32  Supply Depot  
  101  18:38  Supply Depot  
  101  18:42  Marine  
  101  18:43  Marine x2  
  101  18:44  Marauder, Marine x2  
  101  18:48  Marine x3  
  109  18:49  Marine x2  
  113  19:00  Marine  
  113  19:01  Marine x2  
  113  19:02  Marine x2  
  118  19:05  Marine  
  118  19:06  Marine x5  
  124  19:16  Combat Shield  
  124  19:18  Marine  
  124  19:19  Marine x2  
  124  19:20  Marine x2  
  124  19:23  Neosteel Armor, Marine x2  
  131  19:33  Factory  
  130  19:42  Marine  
  130  19:43  Marine x10  
  80  20:00  Marine x2  
  80  20:01  Marine x9  
  80  20:18  Marine x3  
  80  20:19  Marine x7  
  77  20:36  Marine x5  
  77  20:37  Marine x5  
  80  20:52  Missile Turret x2  
  80  20:54  Marine x6  
  80  20:55  Marine x2  
  75  20:57  Missile Turret x2  
  75  20:58  Missile Turret  
  67  21:12  Marine x8  
  67  21:14  Missile Turret  
  67  21:15  Missile Turret  
Tags
 
Add a new tag
Caveats
  • Supply blocks, unpowered buildings, or Contaminate may cause inaccurate times.
  • Supply counts are checked every 10 seconds.